Cogmind - Beta 15 @@@ ROGUE MODE // 2025.05.07 @ 15:56:56 Player: opdo Result: Destroyed by L-31 Rogue with Katana Performance ------------- Evolutions (0) 0 Regions Visited (4) 800 Robots Destroyed (29) 145 Value Destroyed (839) 839 Prototype IDs (0) 0 Alien Tech Used (0) 0 Bonus (0) 0 TOTAL SCORE: 1784 Bonus ------- None Cogmind --------- Core Integrity 0/250 Matter 134/300 Energy 98/100 System Corruption 1% Temperature Cool (0) Movement Walking (190) Ox1 Location -8/Recycling Parts ------- > --- POWER (1) -------- Subdweller Power Source > --- PROPULSION (2) --- Carbon-fiber Leg > --- UTILITY (2) ------ Small Storage Unit Core Shielding > --- WEAPON (2) ------- Subdweller Machine Gun Minigun > --- INVENTORY (8) ---- Subdweller Monowheel Large Matter Pod (150) Reaction Control System Light Armor Plating Heavy Battle Rifle Heavy Battle Rifle Rocket Launcher Makeshift Axe Peak State ------------ > --- POWER ------------ Subdweller Power Source > --- PROPULSION ------- Carbon-fiber Leg Carbon-fiber Leg > --- UTILITY ---------- Small Storage Unit Light Armor Plating > --- WEAPON ----------- Minigun Makeshift Axe > --- INVENTORY -------- Subdweller Monowheel Large Matter Pod Reaction Control System Subdweller Machine Gun Subdweller Machine Gun Heavy Battle Rifle Heavy Battle Rifle Rocket Launcher [Rating: 19] Favorites ----------- Power Light Ion Engine Engine Light Ion Engine Propulsion Aluminum Leg Leg Aluminum Leg Utility Small Storage Unit Device Improved Trap Extractor Storage Small Storage Unit Protection Light Armor Plating Weapon Minigun Energy Cannon Beam Cannon Ballistic Gun Minigun Ballistic Cannon Flak Cannon Launcher Rocket Launcher Impact Weapon Great Maul Slashing Weapon Makeshift Axe Build | -11 -10 -10 -10 -8 ------- Run | Yrd Mat Min Sub Rec Slots Evolved . | . . . . . Power . | . . . . . Propulsion . | . . . . . Utility . | . . . . . Weapon . | . . . . . Parts Attached 30 | 6 8 9 7 . Power 5 | 1 2 1 1 . Engine 5 | 1 2 1 1 . Core . | . . . . . Reactor . | . . . . . Propulsion 9 | 2 4 3 . . Treads . | . . . . . Leg 9 | 2 4 3 . . Wheel . | . . . . . Hover . | . . . . . Flight . | . . . . . Utility 6 | 1 2 2 1 . Device 1 | . . 1 . . Storage 1 | 1 . . . . Processor . | . . . . . Hackware . | . . . . . Protection 4 | . 2 1 1 . Artifact . | . . . . . Weapon 10 | 2 . 3 5 . Energy Gun . | . . . . . Energy Cannon 1 | . . 1 . . Ballistic Gun 5 | 2 . 2 1 . Ballistic Cannon 1 | . . . 1 . Launcher 1 | . . . 1 . Special Weapon . | . . . . . Impact Weapon 1 | . . . 1 . Slashing Weapon 1 | . . . 1 . Piercing Weapon . | . . . . . Special Melee Weapon . | . . . . . Unidentified Prototypes . | . . . . . Parts Lost 5 | . 2 1 1 1 Power . | . . . . . Propulsion 2 | . . . 1 1 Utility 1 | . 1 . . . Weapon 2 | . 1 1 . . Highest Loss Streak 1 | . 1 1 1 1 To Critical Strikes . | . . . . . Average Backups 7 | 1 7 8 7 8 Power . | . 1 . . . Propulsion 1 | 1 2 1 1 1 Utility 2 | . 1 2 2 3 Weapon 3 | . 1 2 3 4 Tool/Special . | . . . . . Unused Backups 13 | . . 4 2 7 Power . | . . . . . Propulsion 3 | . . 2 . 1 Utility 6 | . . . 1 5 Weapon 4 | . . 2 1 1 Tool/Special . | . . . . . Average Slot Usage (%) 99 | . 95 99 99 100 Engine 14 | . 14 14 14 14 Leg 28 | . 28 28 28 28 Storage 14 | . 14 14 14 14 Protection 13 | . 11 11 14 14 Energy Cannon 1 | . . 7 . . Ballistic Gun 20 | . 26 20 16 28 Slashing Weapon 3 | . . . 7 . Peak Build Rating 19 | 6 7 15 19 17 Average Rating 12 | 4 6 9 15 17 On Entrance 8 | . 6 6 15 17 Naked Turns . | . . . . . Heaviest Build 20 | 13 16 18 20 18 Greatest Support 30 | 20 20 25 30 30 Greatest Overweight (x) . | . . . . . Average Overweight (x) . | . . . . . Largest Inventory Capacity 8 | 8 8 8 8 8 Average Capacity 7 | 6 8 8 8 8 Most Carried 8 | 4 8 8 8 8 Average Carried 7 | 2 7 7 7 8 Final Capacity 8 | 8 8 8 8 8 Final Carried 8 | 4 8 8 8 8 Class Distribution -------------------- 100% | Mutant Dominant Class ---------------- Mutant | -10/Materials Mutant | -10/Mines Mutant | -10/Subcaves Mutant | -8/Recycling Resources | -11 -10 -10 -10 -8 ----------- Run | Yrd Mat Min Sub Rec Matter Collected 1007 | 220 293 197 297 . Remotely . | . . . . . Salvage Created 823 | 25 369 180 249 . Parts 55 | 3 29 6 17 . Haulers Intercepted 1 | . 1 . . . Recyclers Shooed 1 | . 1 . . . Parts Field Recycled . | . . . . . Retrieved Matter . | . . . . . Parts Self-Destructed 17 | . . . 17 . Prevented . | . . . . . Kills | -11 -10 -10 -10 -8 ------- Run | Yrd Mat Min Sub Rec Combat Hostiles Destroyed 25 | . 12 4 9 . Melee 1 | . . . 1 . Guns 17 | . 12 3 2 . Cannons 2 | . . 1 1 . AOE 5 | . . . 5 . Classes Destroyed 6 | 1 3 . 2 . Tunneler 1 | 1 . . . . Hauler 1 | . 1 . . . Turret 2 | . . . 2 . Swarmer 7 | . 6 . 1 . Grunt 12 | . 6 4 2 . Subdweller 6 | . . . 6 . Best Kill Streak 3 | 1 3 2 3 . Combat Bots Only 3 | . 3 2 3 . Max Kills in Single Turn 2 | 1 1 2 1 . Gunslinging 1 | . . 1 . . Exploded 1 | . . . 1 . Melee 1 | . . . 1 . Uniques/NPCs Destroyed . | . . . . . Combat | -11 -10 -10 -10 -8 -------- Run | Yrd Mat Min Sub Rec Hostile Shots Fired 159 | . 82 19 55 3 Missed 49 | . 22 4 22 1 Hits 110 | . 60 15 33 2 Melee 1 | . . . . 1 Projectile 109 | . 60 15 33 1 AOE 2 | . . . 2 . Critical Strikes 3 | . 2 1 . . Damage Taken 1379 | . 558 259 508 54 Core 253 | . 93 73 55 32 Absorbed by Shields . | . . . . . Redirected to Shielding 4 | . . . 4 . Core Remaining (%) 100 | 100 . . . . Volleys Fired 95 | 4 52 15 22 2 Largest 2 | 2 2 2 2 2 Hottest 80 | 40 40 80 66 55 Shots Fired 175 | 8 95 28 40 4 Gun 146 | 8 95 18 21 4 Cannon 19 | . . 10 9 . Launcher 10 | . . . 10 . Special . | . . . . . Kinetic 155 | 8 95 18 30 4 Thermal 10 | . . 10 . . Explosive 10 | . . . 10 . Electromagnetic . | . . . . . Robot Hit Streak 17 | 2 9 13 17 6 Robot Miss Streak 5 | 2 5 1 3 3 Penetration Max . | . . . . . Secondary Targets 2 | . 1 1 . . Max Gunslinging Chain 1 | . 1 1 . . Shots Hit Robots 112 | 4 54 24 29 1 Core Hits 57 | 1 24 11 21 . Critical Kills . | . . . . . Critical Parts Destroyed 1 | . 1 . . . Critical Strikes 1 | . 1 . . . Destroy 1 | . 1 . . . Melee Attacks 65 | . . . 65 . Impact 19 | . . . 19 . Slashing 46 | . . . 46 . Piercing . | . . . . . Sneak Attacks . | . . . . . Combat Hostiles . | . . . . . Follow-up Attacks . | . . . . . Damage Inflicted 1904 | 42 574 319 949 20 Guns 1045 | 42 558 183 242 20 Cannons 207 | . . 124 83 . Explosions 549 | . . . 549 . Melee 75 | . . . 75 . Ramming 28 | . 16 12 . . Kinetic 1128 | 42 558 183 325 20 Thermal 124 | . . 124 . . Explosive 549 | . . . 549 . Electromagnetic . | . . . . . Impact . | . . . . . Slashing 75 | . . . 75 . Piercing . | . . . . . Highest Corruption 1 | . 1 1 1 1 Average Corruption 1 | . 1 1 1 1 Corruption Purged . | . . . . . Corruption Blocked . | . . . . . Effects 23 | . 4 5 13 1 Message Errors 6 | . 2 2 1 1 Matter Fused 6 | . . . 6 . Heat Flow Errors 3 | . . 2 1 . Energy Discharges 4 | . . . 4 . Data Loss (minor) 1 | . 1 . . . Data Loss (major) 1 | . . . 1 . Alerts 2 | . 1 1 . . Overload Shots . | . . . . . Overflow Damage 2 | . . . 2 . Projectiles . | . . . . . Explosions 2 | . . . 2 . Melee . | . . . . . Knockbacks 4 | . . 1 3 . Impact 1 | . . 1 . . Kinetic 3 | . . . 3 . Secondary . | . . . . . Self-Inflicted Damage 17 | . . . 17 . Shots 1 | . . . 1 . Rammed . | . . . . . Targets Rammed 8 | . 5 3 . . Kicked 8 | . 5 3 . . Crushed . | . . . . . Highest Temperature 253 | . 33 253 96 4 Average Temperature 52 | . 7 109 25 3 Received Heat Transfer 453 | . 141 135 168 9 Effects 1 | . . 1 . . Interference 1 | . . 1 . . Siege Activations . | . . . . . Martial Activations . | . . . . . Shielding Activations . | . . . . . Robots Disrupted . | . . . . . Combat Hostiles . | . . . . . Robots Corrupted . | . . . . . Combat Hostiles . | . . . . . Parts Fried . | . . . . . Impact Corruptions . | . . . . . Robots Melted . | . . . . . Combat Hostiles . | . . . . . Parts Melted 1 | . . 1 . . Heat Transferred 259 | . . 259 . . Parts Sabotaged . | . . . . . Parts Stolen . | . . . . . Parts Stripped . | . . . . . Power Chain Reactions . | . . . . . Alert | -11 -10 -10 -10 -8 ------- Run | Yrd Mat Min Sub Rec Maximum Alert Level . | . . . . . Low Security (%) 100 | 100 100 100 . 100 Level 1 . | . . . . . Level 2 . | . . . . . Level 3 . | . . . . . Level 4 . | . . . . . Level 5 . | . . . . . High Security . | . . . . . Max Security . | . . . . . Peak Influence 146 | 5 146 59 . 40 Initial 50 | . . 50 . 40 Average 20 | 1 37 11 . 17 Influence Increases 679 | 5 375 115 140 44 Destroy 0b10 Robot/C 420 | . 240 80 100 . Destroy 0b10 Robot/NC 10 | 5 5 . . . Destroy Leader 82 | . 52 20 10 . Successful Hack 32 | . 18 . . 14 Select Force Hacks 30 | . . . . 30 Lose Combat Pursuer 105 | . 60 15 30 . Influence Decreases 679 | 5 245 245 56 128 Entered New Map 124 | . . 80 . 44 Time Decay 535 | 5 225 165 56 84 Lost Part 20 | . 20 . . . Squads Dispatched 3 | . 3 . . . Investigation 1 | . 1 . . . Extermination . | . . . . . Reinforcement 2 | . 2 . . . Assault . | . . . . . Garrison . | . . . . . Intercept . | . . . . . Searches Triggered . | . . . . . Construction Impeded . | . . . . . Haulers Reinforced . | . . . . . Active Scanning Responses . | . . . . . Cargo Convoy Interrupts . | . . . . . Stealth | -11 -10 -10 -10 -8 --------- Run | Yrd Mat Min Sub Rec Distress Signals 1 | . 1 . . . Communications Jammed . | . . . . . Distress Signals . | . . . . . Times Spotted 48 | . 24 4 18 2 Peak Tracking Total 4 | . 4 2 3 2 Tactical Retreats 5 | . 3 1 1 . Traps | -11 -10 -10 -10 -8 ------- Run | Yrd Mat Min Sub Rec Traps Triggered 3 | . . 1 2 . Indirectly . | . . . . . Trap Hack Attempts . | . . . . . Triggered . | . . . . . Disarmed . | . . . . . Reprogrammed . | . . . . . Reused . | . . . . . Traps Extracted . | . . . . . Installed . | . . . . . Triggered . | . . . . . Machines | -11 -10 -10 -10 -8 ---------- Run | Yrd Mat Min Sub Rec Machines Disabled 3 | . . . 3 . Max in Single Turn 2 | . . . 2 . Machines Repaired . | . . . . . Machines Dismantled . | . . . . . Machines Sabotaged . | . . . . . Overloaded Fab Kills . | . . . . . Hacking | -11 -10 -10 -10 -8 --------- Run | Yrd Mat Min Sub Rec Machines Accessed 10 | . 2 1 1 6 Terminals 7 | . 2 . . 5 Fabricators . | . . . . . Repair Stations . | . . . . . Recycling Units 1 | . . . . 1 Scanalyzers . | . . . . . Garrison Access . | . . . . . Total Hacks 29 | . 7 1 4 17 Successful 19 | . 3 1 4 11 Failed 10 | . 4 . . 6 Catastrophic 1 | . 1 . . . Database Lockouts . | . . . . . Manual 16 | . 6 . . 10 Terminals 21 | . 7 . . 14 Fabricators . | . . . . . Repair Stations . | . . . . . Recycling Units 3 | . . . . 3 Scanalyzers . | . . . . . Garrison Access . | . . . . . Terminal Hacks 7 | . . 1 4 2 Record 4 | . . . 4 . Part Schematic 1 | . . . . 1 Robot Analysis 1 | . . . . 1 Open Door 1 | . . 1 . . Fabricator Hacks . | . . . . . Repair Station Hacks . | . . . . . Recycling Unit Hacks 2 | . . . . 2 Report Inventory 1 | . . . . 1 Retrieve Components 1 | . . . . 1 Scanalyzer . | . . . . . Garrison Access Hacks . | . . . . . Unauthorized Hacks 10 | . 3 . . 7 Terminals 9 | . 3 . . 6 Botnet 2 | . 1 . . 1 Skim 7 | . 2 . . 5 Fabricators . | . . . . . Repair Stations . | . . . . . Recycling Units 1 | . . . . 1 Tunnel 1 | . . . . 1 Scanalyzers . | . . . . . Garrison Access . | . . . . . Data Cores Recovered . | . . . . . Used . | . . . . . Hacking Detections 7 | . 2 . . 5 Full Trace Events 1 | . 1 . . . Feedback Events 1 | . 1 . . . Corruption 1 | . 1 . . . Feedback Blocked . | . . . . . Robot Schematics Acquired . | . . . . . Robots Built . | . . . . . Authchips . | . . . . . Time . | . . . . . Total Robot Build Rating . | . . . . . Part Schematics Acquired 1 | . . . . 1 Parts Built . | . . . . . Authchips . | . . . . . Time . | . . . . . Total Part Build Rating . | . . . . . Parts Repaired . | . . . . . Time . | . . . . . Parts Recycled . | . . . . . Recycled Matter . | . . . . . Retrieved Matter . | . . . . . Retrieved Components 3 | . . . . 3 Parts Scanalyzed . | . . . . . Part Schematics Acquired . | . . . . . Parts Damaged . | . . . . . Bothacking | -11 -10 -10 -10 -8 ------------ Run | Yrd Mat Min Sub Rec Used RIF Installer . | . . . . . Robots Hacked . | . . . . . Non-combat . | . . . . . Combat . | . . . . . Robot Hacks Applied . | . . . . . Relay Couplers Released . | . . . . . Fabnet Peak Effective % . | . . . . . Robots Rewired . | . . . . . Allies Hacked . | . . . . . Hacks Repelled . | . . . . . Allies | -11 -10 -10 -10 -8 -------- Run | Yrd Mat Min Sub Rec Total Allies . | . . . . . Largest Group . | . . . . . Highest-Rated Group . | . . . . . Highest-Rated Ally . | . . . . . Total Orders . | . . . . . Ally Attacks . | . . . . . Total Damage . | . . . . . Kills . | . . . . . Allies Corrupted . | . . . . . Allies Melted . | . . . . . Intel | -11 -10 -10 -10 -8 ------- Run | Yrd Mat Min Sub Rec Active Infowar (turns) . | . . . . . Robot Analysis Total 1 | . . . . 1 Derelict Logs Recovered 2 | . . . 2 . Drone Launches . | . . . . . Drone Recoveries . | . . . . . Exploration | -11 -10 -10 -10 -8 ------------- Run | Yrd Mat Min Sub Rec Turns Passed 3423 | 82 580 893 1652 216 Spaces Moved 2297 | 50 321 591 1166 169 Core 3 | 3 . . . . Treads . | . . . . . Legs 2294 | 47 321 591 1166 169 Wheels . | . . . . . Hover . | . . . . . Flight . | . . . . . Fastest Speed 50 | 50 120 120 120 120 Average Speed 119 | 115 120 120 120 120 Slowest Speed 120 | 120 120 120 120 120 Overloaded Moves . | . . . . . Propulsion Burnouts . | . . . . . Robots Hopped . | . . . . . Potential Cave-ins . | . . . . . Cave-ins Triggered . | . . . . . Exploration Rate (%) 50 | 4 52 99 54 45 Regions Visited 4 Branch Regions 3 Pre-discovered Areas 4 | . . . 3 1 Known Exits Taken . | . . . . . Unknown Exits Taken 4 | 1 1 1 1 . Scrap Searched 3 | . . 3 . . Spaces Dug 12 | . . . 12 . Terrain Destroyed 57 | . . . 57 . Melee 12 | . . . 12 . Projectile 1 | . . . 1 . AOE 44 | . . . 44 . Terrain Rammed . | . . . . . Walls Destroyed . | . . . . . Machines Disabled . | . . . . . Actions | -11 -10 -10 -10 -8 --------- Run | Yrd Mat Min Sub Rec Total 2729 | 64 430 755 1295 185 Wait 168 | . 36 116 16 . Move 2293 | 49 320 590 1165 169 Hop . | . . . . . Pick Up 27 | 5 4 9 6 3 Fast Attach 11 | 5 1 3 2 . Attach 5 | 1 1 2 1 . Detach 1 | . . . 1 . Swap 19 | . 6 4 9 . Drop 28 | . 5 12 8 3 Fire 95 | 4 52 15 22 2 Melee 65 | . . . 65 . Ram . | . . . . . Kick 8 | . 5 3 . . Crush . | . . . . . Escape Stasis . | . . . . . Rewire 9 | . . 1 . 8 Trap . | . . . . . Miscellaneous . | . . . . . Route ------- -11/Scrapyard -10/Materials (discovered 3 exits: [*Mat] / *Min x2) -10/Mines (discovered 3 exits: [*Mat x2] / *Sub) -10/Subcaves (discovered 3 exits: [*Mat x2] / *Rec) -8/Recycling History --------- Turn | Location | Event 6 | -11/Scrapyard | Discovered new exit (range 16) 83 | -11/Scrapyard | Entered Materials 138 | -10/Materials | Discovered new exit (range 14) 318 | -10/Materials | Build established: Mutant 332 | -10/Materials | Discovered new exit (range 16) 652 | -10/Materials | Discovered new exit (range 6) 663 | -10/Materials | Entered Mines 928 | -10/Mines | Discovered new exit (range 6) 1084 | -10/Mines | Core integrity fell below 50% 1132 | -10/Mines | A weapon hastily lodged in a ceiling crevice suddenly fell to the ground 1252 | -10/Mines | Received a Rocket Launcher from a helpful Derelict 1343 | -10/Mines | Met a Derelict who couldn't figure out how to use a Trap Extractor 1515 | -10/Mines | Discovered new exit (range 7) 1547 | -10/Mines | Discovered new exit (range 4) 1556 | -10/Mines | Entered Subcaves 1557 | -10/Subcaves | Approached by a straggling Scientist 1560 | -10/Subcaves | Learned location of Zion (-6) 1571 | -10/Subcaves | Discovered new exit (range 12) 1754 | -10/Subcaves | Discovered new exit (range 9) 1783 | -10/Subcaves | Curiously followed by a Cobbler waking with a query about "LVR3C" 1850 | -10/Subcaves | Ambushed by Subdwellers from Twisted Machinery 2156 | -10/Subcaves | Met a Zionite searching for "candidates" 2203 | -10/Subcaves | Shifting Twisted Machinery released Mak. Axe 2419 | -10/Subcaves | A swath of the cavern ceiling suddenly collapsed 2608 | -10/Subcaves | Visited Clippyterm 2612 | -10/Subcaves | Learned location of Extension (-6) 2612 | -10/Subcaves | Learned Factory garrison access intel 2764 | -10/Subcaves | Shifting Twisted Machinery released Hvy. Battle Rifle 3092 | -10/Subcaves | Shifting Twisted Machinery released Sub. Shrapnel Launcher 3124 | -10/Subcaves | Shifting Twisted Machinery released Sub. Machine Gun 3172 | -10/Subcaves | Core integrity fell below 20% 3174 | -10/Subcaves | Discovered new exit (range 16) 3208 | -10/Subcaves | Entered Recycling 3424 | -8/Recycling | Destroyed by L-31 Rogue with Katana Last Messages --------------- DISCOVERED[-8/Storage] 03326_ Sub. Power Source shoots sparks and powers down. 03338_ Dropped Lgt. Armor Plating. 03338_ Acquired Lgt. Armor Plating. 03341_ Dropped Lgt. Armor Plating. 03341_ Acquired Lgt. Armor Plating. 03344_ Dropped Lgt. Armor Plating. 03344_ Acquired Lgt. Armor Plating. 03349_ R-06 Scavenger collects Lgt. Armor Plating. 03371_ >> SKIM: Stored Lower Caves entrances (x1). 03401_ Attempting to rewire B-36 Bruiser. 03403_ G-47 Trooper springs to life. 03404_ Attempting to rewire B-36 Bruiser. 03406_ A-02 Transporter destroyed. 03407_ Attempting to rewire B-36 Bruiser. 03408_ L-31 Rogue springs to life. 03424_ Carbon-fiber Leg destroyed. Map ----- +----------------------------------------------------+ | | | | | | | | | | | | | | | | | ?????????????????????????????????????????????????? | | ?????????????????????????????????????????????????? | | ?????????????????????????????????????????????????? | | ?????????????????????????????????????????????????? | | ?????????????????????????????????????????????????? | | ?????????????????????????????????????????????????? | | ?????????????????????????????????????????????????? | | ?????????????????????????????????????????????????? | | ?????????????????????????????????????????????????? | | ?????????????????????????????????????????????????? | | ?????????????????????????????????????????????????? | | ?????????????????????????????????????????????????? | | ?????????????????????????????????????????????????? | | ?????????????????????????????????????????????????? | | ?????????????????????????????????????????????????? | | ??????????############???????????????????????????? | | ??????????+ ############ #??????????????? | | ????????????????# g l@ #??????????????? | | ???????????###### #########+###???????????????? | | ???????????# ] + #???????????????????????????? | | ???????????#[ ! # #???????????????????????????? | | ???????????# ! # #???????????????????????????? | | ???????????# + ###?????????????????????????? | | ???????????# [[[# ""#?????????????????????????? | | ???????????# ! # Y"#?????????????????????????? | | ???????????# ! # ""#######???????????????????? | | ???????????# |!# #### #???????????????????? | | ???????????# !%# #??# #???????????????????? | | ???????????# !+ #??# ##??????????????????? | | ???????????# ] # #??# #??????????????????? | | ???????????# # #### #???????????????????? | | ???????????#! + + #???????????????????? | | ???????????############ # #????????????????##?? | | ??????????????????????# # #????????######## #?? | | ??????????????????????# # #????????# #?? | | ??????????????????????# # #????????# #?? | | ??????????????????????# # #????????# #?? | | ??????????????????????+ # #????????# #?? | | ??????????????????????# # #??####### #?? | | ??????????????????????# ###+##### # #?? | | ??????????????????????# # #?? | | ??????????????????????+ + #?? | +----------------------------------------------------+ Best States ------------- Heat Dissipation 25 Energy Generation 15 Energy Capacity 250 Matter Stores 300 Matter Capacity 300 Sight Range 16 Terrain Scan Density 10 Armor Coverage 150 Core Shielding 20 Evasion (%) 55 Trap Extractor Capacity 6 Item Schematics ----------------- Arm. Leg | -8/Recycling | Hacked Robot Schematics ------------------ None Fabricated ------------ Nothing Repaired ---------- Nothing Alien Tech Used ----------------- None Achievements -------------- None Challenges ------------ None Game ------ Seed BombardmentModifiedMatter Manual? 0 Play Time 00:22:05 Cumulative 93.6 hours Start 2025.05.07 @ 15:26:22 End 2025.05.07 @ 15:56:56 Sessions 1 Manual Loads 0 Difficulty Rogue Special Mode None Game No. 253 Rogue 251 Adventurer 2 Explorer 0 Win Type - Total 1 Types 1/0/0/0/0/0/0/0/0/0 Lore% 71 Gallery% 58 Achievement% 49 Wizard Run 0 Options --------- Layout 2 ASCII 0 Keyboard 0 Movement Arrows Keybinds 0 Fullscreen 2 Font 24/Smallcaps Map View 50x44 Zoom Use 0% Tactical HUD 1 Map Filters NONE Filters NONE Steam 1 RUN: 859b291a-4192-42c0-9b0b-b87083998237